 Dungeon Crawl Stone Soup version 0.24-a0-584-g9d6b971ae4 (webtiles) character file.

Game seed: 16909257190780232476, levelgen mode: deterministic

15454 Ge0ff the Geomancer (level 12, -15/91 HPs)
             Began as a Formicid Earth Elementalist on Aug 31, 2019.
             Was a High Priest of Cheibriados.
             Demolished by a big kobold
             ... wielding a +2 whip of distortion
              (22 damage)
             ... on level 6 of the Dungeon.
             The game lasted 00:42:44 (13979 turns).

Ge0ff the Geomancer (Formicid Earth Elementalist)  Turns: 13979, Time: 00:42:44

Health: -15/91     AC: 10    Str: 24 (26) XL:     12   Next: 57%
Magic:  17/32      EV: 21    Int: 34 (35) God:    Cheibriados [*****.]
Gold:   859        SH:  0    Dex: 24 (25) Spells: 8/25 levels left

rFire    . . .     SeeInvis +   a - +9 long sword (freeze)
rCold    . . .     Gourm    .   (no shield)
rNeg     . . .     Faith    .   A - +3 leather armour
rPois    .         Spirit   .   (helmet unavailable)
rElec    .         Reflect  .   I - +0 cloak (curse)
rCorr    .         Harm     .   G - +0 pair of gloves
MR       +....                  Q - +0 pair of boots
Stlth    +++.......             F - amulet of magic regeneration
HPRegen  0.25/turn              P - +5 ring of evasion
MPRegen  0.48/turn              K - ring of magical power {=R}

@: lightly drained, very slow
A: permanent stasis, dig shafts and tunnels, four strong arms, antennae 3
a: Dig, Shaft Self, Bend Time, Temporal Distortion, Slouch, Step From Time,
Renounce Religion


You were on level 6 of the Dungeon.
You worshipped Cheibriados.
Cheibriados was extremely pleased with you.
You were very hungry.

You visited 2 branches of the dungeon, and saw 12 of its levels.

You collected 859 gold pieces.

Inventory:

Hand Weapons
 a - a +9 long sword of freezing (weapon)
 b - a +2 spear of venom
 o - a +2 vampiric falchion
 w - a +2 dagger of venom
Missiles
 h - 5 boomerangs
 j - 61 poisoned darts (quivered)
 n - an atropa-tipped dart
 J - 2 throwing nets {!f}
 L - 186 stones
 W - 205 arrows
Armour
 l - a +1 chain mail of magic resistance
 A - a +3 leather armour (worn)
 G - a +0 pair of gloves (worn)
 I - a cursed +0 cloak (worn)
 Q - a +0 pair of boots (worn)
 U - a +0 robe of fire resistance
Jewellery
 D - an uncursed ring of protection from cold
 F - an amulet of magic regeneration (around neck)
 K - a ring of magical power (right hand) {=R}
 M - an uncursed ring of wizardry
 P - a +5 ring of evasion (left hand)
Wands
 c - a wand of clouds (4)
 d - a wand of digging (7)
 f - a wand of flame (30)
 k - a wand of iceblast (6)
 p - a wand of paralysis (18)
Scrolls
 m - a scroll of magic mapping
 v - 4 scrolls of amnesia
 y - 2 scrolls of immolation
 z - a scroll of enchant armour
 C - 7 scrolls of remove curse
 E - 3 scrolls of fear
 O - 2 scrolls of noise
 V - 2 scrolls of fog {unknown}
Potions
 q - 4 potions of curing
 s - a potion of mutation
 t - a potion of resistance {unknown}
 u - 2 potions of haste {unknown}
 B - a potion of magic {unknown}
 H - 4 potions of ambrosia {unknown}
 N - 2 potions of cancellation {!q}
 R - 3 potions of degeneration
 S - a potion of berserk rage {unknown}
 X - a potion of flight
 Y - 3 potions of agility
 Z - 2 potions of lignification {unknown}
Comestibles
 r - 26 rations


   Skills:
 + Level 7.4(6.8) Fighting
 - Level 5.0(4.4) Armour
 + Level 5.5(4.9) Dodging
 - Level 5.0(4.4) Stealth
 + Level 7.3(6.7) Spellcasting
 + Level 7.4(6.8) Conjurations
 - Level 3.0(2.4) Necromancy
 - Level 4.0(3.4) Translocations
 - Level 4.0(3.4) Transmutations
 + Level 10.6(9.9) Earth Magic
 + Level 4.8(4.2) Invocations
 + Level 5.5(4.9) Evocations


You had 8 spell levels left.
You knew the following spells:

 Your Spells              Type           Power        Failure   Level  Hunger
g - Apportation           Tloc           ####..       1%          1    None
h - Lee's Rapid Deconstr  Erth           ######....   1%          5    ####...
k - Stone Arrow           Conj/Erth      ######       1%          3    None
m - Sandblast             Erth           ######       1%          1    None
p - Petrify               Tmut/Erth      ######..     2%          4    #......
w - Passwall              Tmut/Erth      ######..     1%          2    None
z - Animate Skeleton      Necr           N/A          1%          1    None

Your spell library contained the following spells:

 Spells                   Type           Power        Failure   Level  Hunger
 Confusing Touch          Hex            ##....       4%          1    None
 Summon Small Mammal      Summ           ##..         4%          1    None


Dungeon Overview and Level Annotations

Branches:
Dungeon (11/15)            Temple (1/1) D:4            Lair (0/6) D:10
    Orc (0/2) D:9

Altars:
Ashenzari
Cheibriados
Elyvilon
Fedhas
Gozag
Hepliaklqana
Kikubaaqudgha
Okawaru
Sif Muna
Trog
Uskayaw
Vehumet
Wu Jian
Xom
Yredelemnul
Zin
The Shining One
Beogh

Shops:
D:9 *

Portals:
Trove: D:11 (give 5 potions of resistance)

Annotations:
D:9 3 runed translucent doors, exclusion: obsidian statue, skumtomte's ghost, novice TeCj


Innate Abilities, Weirdness & Mutations

You cannot be hasted, slowed, berserked, paralysed or teleported.
You can dig through walls and to a lower floor.
Your four strong arms can wield two-handed weapons with a shield.
You have a pair of large antennae on your head. (SInv)


Message History

You kill the big kobold!
Cheibriados appreciates the change of pace.
L - 186 stones The big kobold barely misses you.
You riposte.
You closely miss the big kobold.
The big kobold is severely wounded.
Use which ability? (? or * to list)
You can feel time thicken for a moment.
You kill the big kobold!
Cheibriados thoroughly appreciates the change of pace.
You kill the big kobold!
Cheibriados thoroughly appreciates the change of pace.
You kill the big kobold!
Cheibriados appreciates the change of pace.
You feel your dexterity returning.
You are feeling very hungry.
Cheibriados lowers the support of your attributes as your movement quickens.
The big kobold hits you with a +2 whip of distortion.
* * * LOW HITPOINT WARNING * * *
Space warps horribly around you!!
You die...

..#####.# ##...####..... .##
#.###### #..## #..... ##
#......### #..######.... #
######...## #.........### #
#.....# #.######### # ##
####.#...# #.# ## .## #........#
#.# ##. ..######.###...#### #.###
##.. ...#........).))@K# #.#>##
##...
.....##'''##..###)###....####....
....##.....##...............'....
....#≈.#.#.≈#.###.###....####....
...##⌠.#.#.⌠### #.# #....# ##...
..###≈.#.#.≈#####.######.######..
.## ##.....##.....##........# ##.
## ##!?.##########.###.##.# ## #
#### #.# #.##.#####


You could see a big kobold.

Vanquished Creatures
  2 two-headed ogres
  The ghost of demivan the Charmwright, a novice GnSk (D:6)
  2 ugly things (D:11)
  A centaur zombie (D:10)
  Joseph (D:8)
  A kobold demonologist (D:6)
  3 komodo dragons (D:10)
  2 tyrant leeches (D:10)
  Prince Ribbit (D:8)
  Grinder (D:5)
  3 vampires
  A wyvern (D:10)
  7 yaks
  Sigmund (D:2)
  2 hungry ghosts
  A steam dragon (D:11)
  4 vampire mosquitoes (D:10)
  Menkaure (D:6)
  A soldier ant (D:10)
  A water moccasin (D:9)
  The ghost of Zero the Caller, an amateur TeSu (D:5)
  Duvessa (D:4)
  A swamp drake (D:10)
  3 black bears
  2 sky beasts
  4 ice beasts
  9 orc warriors
  An eye of draining (D:8)
  A necrophage (D:9)
  7 ogres
  7 centaurs
  A crocodile (D:10)
  Blork the orc (D:5)
  10 big kobolds
  8 bullfrogs
  Dowan (D:4)
  2 scorpions
  5 killer bees
  3 vampire bats (D:11)
  4 wights (D:7)
  3 howler monkeys
  6 crimson imps
  A quasit (D:6)
  6 hounds
  3 jellies
  Crazy Yiuf (D:7)
  6 orc priests
  13 orc wizards
  3 centaur skeletons
  An iguana (D:8)
  Jessica (D:2)
  2 bullfrog skeletons
  Natasha (thrice) (D:2)
  12 worker ants
  A hound zombie (D:7)
  3 hound skeletons
  A worker ant zombie (D:7)
  14 adders
  5 gnolls
  3 shadow imps
  An adder zombie (D:9)
  2 worms
  5 leopard geckos
  46 orcs
  10 giant cockroaches
  9 goblins
  9 hobgoblins
  31 jackals
  9 kobolds
  5 quokkas
  A ball python (D:1)
  15 bats
  3 frilled lizards
  A leopard gecko skeleton (D:7)
  A quokka skeleton (D:5)
  A quokka zombie (D:5)
  7 rats
  A bush (D:6)
  2 butterflies (D:4)
356 creatures vanquished.

Vanquished Creatures (others)
  A fungus (D:6)
  3 plants (D:6)
4 creatures vanquished.

Grand Total: 360 creatures vanquished

Notes
Turn   | Place    | Note
-------+----------+-------------------------------------------
     0 | D:1      | Ge0ff the Formicid Earth Elementalist began the quest for
                  | the Orb.
     0 | D:1      | Reached XP level 1. HP: 13/13 MP: 3/3
   217 | D:1      | Reached XP level 2. HP: 18/19 MP: 1/5
   266 | D:1      | Reached skill level 4 in Earth Magic
   273 | D:1      | Learned a level 2 spell: Passwall
   612 | D:1      | Reached XP level 3. HP: 24/24 MP: 7/7
  1163 | D:2      | Noticed Sigmund
  1248 | D:2      | Learned a level 3 spell: Stone Arrow
  1276 | D:2      | Noticed Natasha
  1280 | D:2      | Killed Natasha
  1280 | D:2      | Reached skill level 1 in Fighting
  1280 | D:2      | Reached skill level 1 in Armour
  1280 | D:2      | Reached XP level 4. HP: 28/32 MP: 4/8
  1295 | D:2      | Noticed Jessica
  1298 | D:2      | Killed Jessica
  1298 | D:2      | Reached XP level 5. HP: 31/37 MP: 4/10
  1509 | D:2      | Noticed Natasha
  1522 | D:2      | Killed Natasha
  1522 | D:2      | Reached skill level 5 in Earth Magic
  1743 | D:2      | Noticed Natasha
  1998 | D:2      | Killed Natasha
  2123 | D:2      | Found a glowing golden altar of the Shining One.
  2390 | D:2      | Killed Sigmund
  2390 | D:2      | Reached XP level 6. HP: 22/43 MP: 12/12
  2964 | D:3      | Reached XP level 7. HP: 48/48 MP: 13/13
  3836 | D:4      | Found a staircase to the Ecumenical Temple.
  3842 | Temple   | Entered the Ecumenical Temple
  3873 | Temple   | Became a worshipper of Cheibriados the Contemplative
  4128 | D:4      | Reached skill level 1 in Evocations
  4208 | D:4      | Reached skill level 1 in Conjurations
  4208 | D:4      | Reached skill level 6 in Earth Magic
  4443 | D:5      | Entered Level 5 of the Dungeon
  4443 | D:5      | Noticed Duvessa
  4443 | D:5      | Noticed Dowan
  4462 | D:4      | Killed Duvessa
  4462 | D:4      | Reached XP level 8. HP: 22/56 MP: 9/15
  4464 | D:4      | Killed Dowan
  4735 | D:5      | Noticed Blork the orc
  4742 | D:5      | Killed Blork the orc
  4860 | D:5      | Noticed Grinder
  4876 | D:5      | Killed Grinder
  4876 | D:5      | Reached skill level 5 in Spellcasting
  4924 | D:5      | Reached * piety under Cheibriados
  5301 | D:5      | Reached XP level 9. HP: 38/64 MP: 16/17
  5557 | D:5      | Reached skill level 7 in Earth Magic
  5924 | D:5      | Found a runed translucent gate.
  5925 | D:5      | Found a runed translucent gate.
  5926 | D:5      | Found a runed translucent gate.
  5927 | D:5      | Found a roughly hewn altar of Beogh.
  5927 | D:5      | Noticed Zero's ghost (amateur TeSu)
  5957 | D:5      | Killed Zero's ghost
  5977 | D:5      | Reached ** piety under Cheibriados
  6576 | D:6      | Found a white marble altar of Elyvilon.
  6651 | D:6      | Reached skill level 5 in Stealth
  6668 | D:6      | Noticed Menkaure
  6673 | D:6      | Killed Menkaure
  7127 | D:6      | Found a runed translucent gate.
  7127 | D:6      | Noticed demivan's ghost (novice GnSk)
  7127 | D:6      | Noticed a kobold demonologist
  7128 | D:6      | Found a runed translucent gate.
  7128 | D:6      | Found a runed translucent gate.
  7217 | D:6      | Found a basalt altar of Yredelemnul.
  7219 | D:6      | Found a hazy altar of Hepliaklqana.
  7221 | D:6      | Found an ancient bone altar of Kikubaaqudgha.
  7221 | D:6      | Found a blossoming altar of Fedhas.
  7221 | D:6      | Found a radiant altar of Vehumet.
  7222 | D:6      | Found a bloodstained altar of Trog.
  7222 | D:6      | Found a white marble altar of Elyvilon.
  7222 | D:6      | Found a shattered altar of Ashenzari.
  7478 | D:6      | Reached *** piety under Cheibriados
  7478 | D:6      | Reached skill level 5 in Armour
  8156 | D:7      | Found a hide-covered altar of Uskayaw.
  8211 | D:7      | Reached skill level 1 in Invocations
  8373 | D:7      | Reached skill level 5 in Fighting
  8373 | D:7      | Reached XP level 10. HP: 74/74 MP: 19/19
  8893 | D:7      | Found a runed translucent door.
  8894 | D:7      | Noticed Crazy Yiuf
  8899 | D:7      | Killed Crazy Yiuf
  9083 | D:8      | Reached **** piety under Cheibriados
  9129 | D:8      | Reached skill level 5 in Evocations
  9188 | D:8      | You fall into a shaft and drop 1 floor!
  9339 | D:9      | Reached skill level 5 in Conjurations
  9612 | D:9      | Learned a level 1 spell: Apportation
  9617 | D:9      | Learned a level 4 spell: Petrify
  9623 | D:9      | Learned a level 5 spell: Lee's Rapid Deconstruction
  9625 | D:9      | Learned a level 1 spell: Animate Skeleton
  9996 | D:8      | Noticed Joseph
 10010 | D:8      | Killed Joseph
 10010 | D:8      | Reached skill level 1 in Translocations
 10057 | D:8      | Noticed a two-headed ogre
 10062 | D:8      | Killed a two-headed ogre
 10062 | D:8      | Reached XP level 11. HP: 79/79 MP: 19/21
 10065 | D:8      | Reached ***** piety under Cheibriados
 10229 | D:8      | Noticed Prince Ribbit
 10234 | D:8      | Killed Prince Ribbit
 10332 | D:8      | Reached skill level 1 in Necromancy
 10574 | D:8      | Found an ancient bone altar of Kikubaaqudgha.
 11079 | D:9      | Found a runed translucent gate.
 11079 | D:9      | Found a runed translucent gate.
 11080 | D:9      | Found a runed translucent gate.
 11080 | D:9      | Found an opulent altar of Gozag.
 11080 | D:9      | Noticed an obsidian statue
 11080 | D:9      | Noticed a brown ugly thing
 11082 | D:9      | Found Soolicw's Assorted Antiques.
 11082 | D:9      | Noticed skumtomte's ghost (novice TeCj)
 11397 | D:9      | Found a staircase to the Orcish Mines.
 11562 | D:10     | Entered Level 10 of the Dungeon
 12239 | D:10     | Reached skill level 5 in Dodging
 12541 | D:10     | Reached skill level 8 in Earth Magic
 12547 | D:10     | Reached XP level 12. HP: 87/91 MP: 12/22
 12642 | D:10     | Reached skill level 9 in Earth Magic
 12707 | D:10     | Found the +12 Vampire's Tooth {vamp}
 12783 | D:10     | Found a staircase to the Lair.
 12842 | D:11     | Reached ****** piety under Cheibriados
 12930 | D:11     | Noticed a two-headed ogre
 12939 | D:11     | Killed a two-headed ogre
 12939 | D:11     | Reached skill level 10 in Earth Magic
 13405 | D:11     | Found a portal to a secret trove of treasure.
 13958 | D:6      | Killed demivan's ghost
 13979 | D:6      | Demolished by a big kobold

Levels and vault maps discovered:
D:1:      ncdulo_lavacross, layout_loops_corners
D:2:      layout_loops_ring, serial_glass, glass_columns_c, glass_columns_a,
          glass_columns_b, glass_columns_c, glass_columns_c, glass_columns_a,
          tso_metal_star, uniq_jessica, uniq_sigmund, uniq_natasha
D:3:      layout_loops_cross
D:4:      layout_basic, minmay_temple_entry_butterflies, first_ration,
          serial_forest, infiniplex_forest_clump_curved,
          infiniplex_forest_end_3, infiniplex_forest_end_2,
          infiniplex_forest_zigzag_1, infiniplex_forest_clump_curved,
          infiniplex_forest_clump_diagonal, infiniplex_forest_lined_room_2,
          infiniplex_forest_lined_4_way, infiniplex_forest_join,
          infiniplex_forest_lined_2
D:5:      wander_river, layout_layer_cave, biasface_ghost_orc_armoury,
          uniq_blork_the_orc, uniq_duvessa, uniq_grinder
D:6:      layout_loops_corners, grunt_temple_overflow_open,
          gammafunk_ghost_nasty_kobolds, hangedman_decor_points,
          elyvilon_altar_1, uniq_menkaure
D:7:      layout_cave_pools, eat_drink_and_be_merry_uskayaw,
          uniq_crazy_yiuf_cottage
D:8:      layout_loops_corners, basic_altar, uniq_joseph, uniq_prince_ribbit1
D:9:      layout_gridville, david_orc_4, ebering_ghost_gozag,
          blue_anna_alchemist [blue_anna_fruit_fields, blue_anna_fruit_fields],
          minmay_alternating_orb
D:10:     layout_cave_pools, erik_lair_dragon, minmay_variable_closet,
          minmay_guarded_unrand_vampires_tooth
D:11:     layout_gridville, trove_entry_hex_spiral, minmay_hedge_maze,
          roderic_batcave
Temple:   oiseaux_autumnal_temple

Skill      XL: |  1  2  3  4  5  6  7  8  9 10 11 12 |
---------------+-------------------------------------+-----
Earth Magic    | 4 5 6 7 8 10 | 10.6
Spellcasting   | 3 4 5 6 7 |  7.3
Fighting       | 1 2 3 5 7 |  7.4
Armour         | 1 3 4 5 |  5.0
Dodging        | 2 3 5 |  5.5
Evocations     | 1 3 4 5 |  5.5
Stealth        | 3 4 5 |  5.0
Conjurations   | 1 2 3 7 |  7.4
Transmutations | 2 3 4 |  4.0
Invocations    | 1 3 4 |  4.8
Translocations | 2 4 |  4.0
Necromancy     | 3 |  3.0

Action                   |  1- 3 |  4- 6 |  7- 9 | 10-12 || total
-------------------------+-------+-------+-------+-------++-------
Melee: Unarmed           |     8 |       |       |       ||     8
       Short sword       |    39 |    47 |    61 |       ||   147
       Long sword        |       |       |    26 |     2 ||    28
       Spear             |       |       |       |     5 ||     5
Throw: Boomerang         |    52 |    17 |       |       ||    69
       Stone             |       |     7 |    36 |    28 ||    71
       Dart              |       |       |       |    54 ||    54
 Cast: Sandblast         |    21 |    53 |   103 |    62 ||   239
       Stone Arrow       |       |     3 |    87 |   286 ||   376
       Lee's Rapid Decon |       |       |       |     2 ||     2
Invok: Slouch            |       |       |       |     2 ||     2
 Abil: Dig               |       |       |     1 |     2 ||     3
Evoke: Wand              |       |       |     1 |     1 ||     2
  Use: Scroll            |       |     3 |     9 |     9 ||    21
       Potion            |       |       |     1 |     2 ||     3
 Stab: Sleeping          |       |     1 |     1 |       ||     2
  Eat: Chunk             |     1 |     6 |    13 |     9 ||    29
Armor: Robe              |     9 |       |       |       ||     9
       Leather armour    |    26 |    26 |    29 |    36 ||   117
Dodge: Dodged            |    54 |    45 |    77 |   212 ||   388
       Rpst.: Long sword |       |       |    13 |    61 ||    74

Table legend:
 A = Non-vault XP
 B = Vault XP
 C = Vault XP percentage of total XP
 D = Non-vault monster count
 E = Vault monster count
 F = Vault count percentage of total count
                 A         B        C        D         E       F
            +---------+---------+-------+---------+---------+-------
      Total |   12933 |    9145 |  41.4 |     268 |      85 |  24.1
            +---------+---------+-------+---------+---------+-------
        D:1 |      52 |       0 |   0.0 |      29 |       0 |   0.0
        D:2 |     130 |     278 |  68.1 |      29 |       3 |   9.4
        D:3 |     102 |       0 |   0.0 |      25 |       0 |   0.0
        D:4 |     328 |     219 |  40.0 |       9 |       2 |  18.2
        D:5 |     792 |     625 |  44.1 |      23 |      12 |  34.3
        D:6 |     795 |    2044 |  72.0 |      27 |      12 |  30.8
        D:7 |     982 |      41 |   4.0 |      25 |       1 |   3.8
        D:8 |    2314 |     734 |  24.1 |      32 |       2 |   5.9
        D:9 |    1412 |    1918 |  57.6 |      18 |      31 |  63.3
       D:10 |    2408 |    3110 |  56.4 |      22 |      14 |  38.9
       D:11 |    3618 |     176 |   4.6 |      29 |       8 |  21.6
            +---------+---------+-------+---------+---------+-------

Levels and vault maps discovered:
D:1:      ncdulo_lavacross, layout_loops_corners
D:2:      layout_loops_ring, serial_glass, glass_columns_c, glass_columns_a,
          glass_columns_b, glass_columns_c, glass_columns_c, glass_columns_a,
          tso_metal_star, uniq_jessica, uniq_sigmund, uniq_natasha
D:3:      layout_loops_cross
D:4:      layout_basic, minmay_temple_entry_butterflies, first_ration,
          serial_forest, infiniplex_forest_clump_curved,
          infiniplex_forest_end_3, infiniplex_forest_end_2,
          infiniplex_forest_zigzag_1, infiniplex_forest_clump_curved,
          infiniplex_forest_clump_diagonal, infiniplex_forest_lined_room_2,
          infiniplex_forest_lined_4_way, infiniplex_forest_join,
          infiniplex_forest_lined_2
D:5:      wander_river, layout_layer_cave, biasface_ghost_orc_armoury,
          uniq_blork_the_orc, uniq_duvessa, uniq_grinder
D:6:      layout_loops_corners, grunt_temple_overflow_open,
          gammafunk_ghost_nasty_kobolds, hangedman_decor_points,
          elyvilon_altar_1, uniq_menkaure
D:7:      layout_cave_pools, eat_drink_and_be_merry_uskayaw,
          uniq_crazy_yiuf_cottage
D:8:      layout_loops_corners, basic_altar, uniq_joseph, uniq_prince_ribbit1
D:9:      layout_gridville, david_orc_4, ebering_ghost_gozag,
          blue_anna_alchemist [blue_anna_fruit_fields, blue_anna_fruit_fields],
          minmay_alternating_orb
D:10:     layout_cave_pools, erik_lair_dragon, minmay_variable_closet,
          minmay_guarded_unrand_vampires_tooth
D:11:     layout_gridville, trove_entry_hex_spiral, minmay_hedge_maze,
          roderic_batcave
Temple:   oiseaux_autumnal_temple
